Map: Inside and Out

Players

Sanasano - Winner!

  • Race: Zerg Zerg
  • League: Gold
  • Spawn Location: 7:00

Raynor

  • Race: Terran Terran
  • Spawn Location: 1:00

VOD

Have the link to the VOD?

Description

Ling Bling

Time

  • Played on: Jan. 3, 2023, 9:10 a.m.
  • Length: 11:25
Show
View Real Time Build Order
Export as new Build Order

Sanasano Zerg - Winner!

Build Orders: Hatch First 

Get SALT Encoding   

  12  0:00  Drone  
  13  0:17  Overlord  
  13  0:25  Drone  
  14  0:52  Drone x3  
  17  1:19  Hatchery  
  17  1:25  Extractor, Spawning Pool, Drone x3  
  17  1:37  Drone  
  18  1:47  Drone  
  19  1:58  Drone  
  20  2:12  Queen  
  22  2:35  Zergling x4  
  24  2:37  Drone x2  
  24  2:38  Queen  
  24  2:42  Metabolic Boost  
  28  2:54  Overlord  
  28  3:09  Hatchery  
  28  3:12  Queen  
  27  3:17  Queen  
  27  3:18  Overlord x2  
  31  3:20  Drone x4  
  35  3:44  Drone x3  
  35  3:46  Drone x2  
  40  4:00  Drone x3  
  40  4:01  Drone  
  44  4:03  Overlord x2  
  44  4:11  Baneling Nest  
  43  4:20  Queen  
  44  4:45  Drone x6  
  48  4:46  Drone  
  48  4:47  Drone x4  
  48  4:50  Queen  
  57  5:04  Lair  
  57  5:08  Zergling x16  
  65  5:16  Extractor  
  65  5:21  Evolution Chamber  
  63  5:24  Zergling x2  
  63  5:25  Zergling x2  
  65  5:35  Baneling x9  
  65  5:36  Baneling x4  
  65  5:46  Overlord x2  
  65  5:47  Overlord  
  65  6:02  Overlord x2  
  65  6:06  Zergling x14  
  65  6:07  Zergling x6  
  75  6:11  Zerg Melee Weapons Level 1  
  75  6:16  Drone x3  
  75  6:17  Drone  
  75  6:18  Drone  
  80  6:24  Drone x5  
  85  6:42  Hatchery  
  84  6:54  Centrifugal Hooks  
  84  6:59  Overseer  
  84  7:11  Zergling x28  
  84  7:13  Queen  
  100  7:24  Zergling x10  
  100  7:26  Overlord x3  
  105  7:33  Baneling x7  
  105  7:34  Baneling x2  
  105  7:47  Drone x3  
  108  8:01  Queen  
  110  8:18  Zergling x6  
  110  8:19  Zergling x22  
  127  8:20  Zergling x10  
  129  8:28  Spire  
  128  8:57  Overlord x3  
  128  8:58  Overlord  
  128  9:17  Baneling x12  
  128  9:18  Baneling x3  
  128  9:26  Extractor, Drone x2  
  128  9:27  Drone  
  126  9:39  Baneling x3  
  126  9:40  Baneling x2  
  126  9:42  Drone x5  
  126  9:43  Drone  
  126  9:44  Drone x16  
  148  9:49  Extractor  
  148  9:51  Extractor  
  146  9:59  Zergling x18  
  153  10:02  Overlord x4  
  153  10:15  Baneling  
  153  10:16  Baneling x10  
  153  10:20  Drone  
  153  10:21  Drone x2  
  156  10:22  Drone x3  
  159  10:34  Queen  
  148  10:40  Extractor  
  145  10:43  Extractor  
Show
View Real Time Build Order
Export as new Build Order

Raynor Terran 

Build Orders:  

Get SALT Encoding   

  12  0:02  SCV  
  13  0:14  SCV  
  13  0:19  Supply Depot  
  14  0:26  SCV  
  15  0:40  SCV  
  16  0:45  Barracks  
  16  0:52  SCV  
  17  1:04  SCV  
  18  1:17  SCV  
  19  1:20  Refinery  
  19  1:29  SCV  
  20  1:33  Marine, Supply Depot  
  21  1:41  Refinery, SCV  
  22  1:51  Marine  
  23  1:55  SCV  
  23  2:00  Barracks  
  24  2:07  SCV  
  25  2:19  SCV  
  26  2:31  SCV  
  27  2:47  Orbital Command, Factory  
  27  2:48  Barracks Reactor  
  27  2:50  Barracks Tech Lab  
  27  3:01  Barracks  
  27  3:05  Command Center  
  27  3:11  Marine  
  28  3:13  Stimpack  
  28  3:27  Marine x2  
  28  3:28  Marine  
  28  3:30  Factory Tech Lab  
  31  3:54  Supply Depot  
  31  3:59  Barracks Reactor  
  31  4:16  Marine, Siege Tank  
  35  4:17  Supply Depot  
  35  4:19  Supply Depot  
  35  4:32  Marine x2  
  35  4:33  Marine  
  38  4:40  Supply Depot  
  38  4:42  Supply Depot  
  38  4:50  Marine  
  38  4:51  SCV  
  38  4:52  Marauder  
  42  4:53  Barracks  
  42  4:54  SCV  
  43  5:03  SCV  
  43  5:06  SCV  
  45  5:15  SCV  
  45  5:18  Factory, SCV  
  47  5:29  Marine x2, Starport  
  47  5:31  Combat Shield  
  47  5:34  SCV  
  50  5:45  Refinery  
  50  5:46  SCV  
  51  5:50  Marine x2  
  51  5:51  Marine  
  51  5:52  Marine  
  51  5:54  Marine, Marauder  
  58  5:59  Supply Depot  
  58  6:04  SCV  
  58  6:07  SCV  
  58  6:08  Marine  
  58  6:09  Starport Reactor  
  61  6:12  Factory Tech Lab  
  61  6:16  SCV  
  62  6:19  SCV, Engineering Bay  
  62  6:20  Supply Depot  
  63  6:29  SCV  
  64  6:33  SCV  
  64  6:38  Refinery  
  65  6:41  SCV  
  65  6:43  Supply Depot  
  65  6:45  SCV  
  65  6:46  Siege Tank  
  72  6:47  Widow Mine  
  72  6:53  SCV  
  73  6:54  Terran Infantry Weapons Level 1  
  73  6:58  Medivac x2  
  73  7:00  Armory  
  77  7:09  Siege Tank  
  80  7:31  Supply Depot  
  80  7:42  Marine x4  
  80  7:43  Marine  
  80  7:44  Marauder  
  87  7:45  Barracks  
  87  7:54  Supply Depot  
  87  7:58  Drilling Claws  
  87  8:00  Marine x2  
  89  8:13  Starport  
  89  8:15  Terran Vehicle And Ship Armor Level 1  
  89  8:16  Supply Depot  
  89  8:23  Marine x4  
  94  8:32  Barracks Reactor  
  94  8:34  Barracks Reactor  
  93  8:36  Marine  
  93  8:41  Marine x2  
  95  8:48  Terran Infantry Armor Level 1  
  88  9:43  Widow Mine x2  
  92  10:04  Widow Mine  
  94  10:10  Orbital Command  
  94  10:19  Marine x5  
  94  10:20  Marauder  
  101  10:21  Starport Reactor  
  101  10:23  Command Center, Medivac x2  
  103  10:42  Marauder  
  84  10:53  Medivac x2  
  84  11:03  Marauder  
Tags
 
League
Gold
Matchup
TvZ
Spawn Locations
Cross Positions
Add a new tag
Caveats
  • Supply blocks, unpowered buildings, or Contaminate may cause inaccurate times.
  • Supply counts are checked every 10 seconds.